 Dungeon Crawl Stone Soup version 0.31-a0-145-g046c7d2549 (webtiles) character file.

Game seed: 7634655948493988779

1040 qw the Skirmisher (level 8, -6/70 HPs)
             Began as a Minotaur Hunter on June 7, 2023.
             Mangled by a two-headed ogre
             ... wielding a +0 giant club
              (14 damage)
             ... on level 5 of the Dungeon.
             The game lasted 00:01:15 (3015 turns).

qw the Skirmisher (Minotaur Hunter)                 Turns: 3015, Time: 00:01:15

Health: -6/70      AC:  4    Str: 16    XL:     8   Next: 4%
Magic:  7/7        EV: 18    Int:  6    God:
Gold:   192        SH:  0    Dex: 16    Spells: 7/7 levels left

rFire   . . .        Y - +0 shortbow
rCold   . . .        (shield currently unavailable)
rNeg    . . .        g - +0 robe {Will+}
rPois   .            (helmet restricted)
rElec   .            (no cloak)
rCorr   .            a - +0 pair of gloves
SInv    +            e - +0 pair of boots
Will    +....        c - amulet of regeneration
Stlth   ++           j - ring of see invisible
HPRegen 1.11/turn    m - +5 ring of evasion
MPRegen 0.10/turn

%: no passive effects
@: no status effects
A: horns 2, retaliatory headbutt
a: no special abilities


You were on level 5 of the Dungeon.
You visited 1 branch of the dungeon, and saw 5 of its levels.

You collected 192 gold pieces.


Innate Abilities, Weirdness & Mutations

You have a pair of horns on your head.
You reflexively headbutt those who attack you in melee.


   Skills:
 - Level 6.1 Fighting
 + Level 9.5 Ranged Weapons
 - Level 1.0 Armour
 - Level 3.2 Dodging
 - Level 0.7 Stealth


You had 7 spell levels left.
You didn't know any spells.
Your spell library was empty.

Inventory:

Hand Weapons
 Y - a +0 shortbow (weapon)
Armour
 a - a +0 pair of gloves (worn)
 e - a +0 pair of boots (worn)
 g - a +0 robe of willpower (worn)
 h - a +0 ring mail
Jewellery
 c - an amulet of regeneration (around neck)
 i - a ring of fire
 j - a ring of see invisible (left hand)
 m - a +5 ring of evasion (right hand)
Scrolls
 d - 2 scrolls of identify
Potions
 b - a potion of cancellation
 f - 2 potions of might
 k - a potion of curing
 n - a potion of heal wounds

Dungeon Overview and Level Annotations

Branches:
Dungeon (5/15)
 Temple: D:4-7

Altars:


Message History

You shoot an arrow. The arrow hits the two-headed ogre.
The two-headed ogre is moderately wounded.
The two-headed ogre hits you with a +0 giant club!
The two-headed ogre barely misses you.
You shoot an arrow. The arrow hits the two-headed ogre.
The two-headed ogre is moderately wounded.
The two-headed ogre barely misses you. The two-headed ogre closely misses you.
You shoot an arrow. The arrow hits the two-headed ogre.
The two-headed ogre is moderately wounded.
A shadow imp comes into view.
You shoot an arrow.
The arrow closely misses the two-headed ogre.
The two-headed ogre completely misses you.
You furiously retaliate!
You headbutt the two-headed ogre.
The two-headed ogre completely misses you.
You shoot an arrow. The arrow hits the two-headed ogre.
The two-headed ogre is heavily wounded.
The two-headed ogre hits you with a +0 giant club!
The two-headed ogre misses you.
You shoot an arrow.
The arrow hits the two-headed ogre but does no damage.
The two-headed ogre is heavily wounded.
You shoot an arrow. The arrow hits the two-headed ogre!
The two-headed ogre is severely wounded.
The two-headed ogre hits you with a +0 giant club!!
The two-headed ogre completely misses you.
You shoot an arrow. The arrow hits the two-headed ogre!
The two-headed ogre is severely wounded.
You shoot an arrow.
The arrow hits the two-headed ogre but does no damage.
The two-headed ogre is severely wounded.
The two-headed ogre misses you. You furiously retaliate!
You headbutt the two-headed ogre!
The two-headed ogre hits you with a +0 giant spiked club!
You shoot an arrow. The arrow hits the two-headed ogre.
The two-headed ogre is almost dead.
The shadow imp closely misses you.
The two-headed ogre hits you with a +0 giant club!!
The two-headed ogre hits you with a +0 giant spiked club!
You die...

.. # ####.. #.
......
.####......
..........
#.........
#..5......
####.@O......
#......#####.
#....### #....#
#....# #....#
#....# #....#
#....#######.##


You could see a two-headed ogre and a shadow imp.

Vanquished Creatures
  Grinder (D:4)
  Sigmund (D:3)
  A black bear (D:4)
  An ogre (D:5)
  A phantom (D:4)
  3 scorpions
  2 sleepcaps
  A hound skeleton (D:3)
  6 gnolls
  7 adders
  An adder skeleton (D:3)
  7 orcs (D:4)
  4 endoplasms
  6 giant cockroaches
  2 goblins
  10 hobgoblins
  3 jackals (D:3)
  2 quokkas
  4 ball pythons
  5 bats
  A frilled lizard (D:2)
  6 kobolds
  A quokka zombie (D:3)
  A rat (D:1)
77 creatures vanquished.

Notes
Turn   | Place    | Note
-------+----------+-------------------------------------------
     0 | D:1      | qw the Minotaur Hunter began the quest for the Orb.
     0 | D:1      | Reached XP level 1. HP: 18/18 MP: 0/0
     0 | D:1      | 0 ||| qw: Version: 0.2-a-117-gc6b5c8b
     0 | D:1      | 0 ||| qw: Game counter: 2518
     0 | D:1      | 0 ||| qw: Always use a shield: true
     0 | D:1      | 0 ||| qw: God list: Okawaru
     0 | D:1      | 0 ||| qw: Allow faded altars: false
     0 | D:1      | 0 ||| qw: Do Orc after D:15 true
     0 | D:1      | 0 ||| qw: Do second Lair branch before Depths: true
     0 | D:1      | 0 ||| qw: Lair rune preference: random
     0 | D:1      | 0 ||| qw: Plans: Normal
     0 | D:1      | 0 ||| PLANNING D:1-11
   116 | D:1      | Reached XP level 2. HP: 25/25 MP: 1/1
   237 | D:1      | Reached skill level 5 in Ranged Weapons
   311 | D:1      | Found a faded altar of an unknown god.
   548 | D:1      | 548 ||| UPGRADING to +0 pair of boots.
   553 | D:1      | 553 ||| UPGRADING to +0 ring mail.
   563 | D:1      | 563 ||| DROPPING +0 leather armour.
   564 | D:1      | 564 ||| DROPPING amulet of magic regeneration.
   565 | D:1      | 565 ||| READING scroll labelled QUNOLU SAWEPTAA.
   569 | D:1      | 569 ||| DROPPING scroll of butterflies.
   685 | D:2      | Reached skill level 1 in Armour
   837 | D:2      | Reached skill level 3 in Fighting
   843 | D:2      | Reached XP level 3. HP: 31/31 MP: 2/2
  1056 | D:2      | 1056 ||| UPGRADING to +0 pair of gloves.
  1061 | D:2      | 1061 ||| UPGRADING to +0 robe of willpower.
  1071 | D:2      | 1071 ||| UPGRADING to amulet of regeneration.
  1076 | D:2      | 1076 ||| READING scroll labelled PAASACZ ONOOSCH.
  1077 | D:2      | 1077 ||| DRINKING 2 fuming amethyst potions.
  1078 | D:2      | 1078 ||| DROPPING potion of enlightenment.
  1161 | D:3      | HP: 5/31 [gnoll/+0 flail (11)]
  1162 | D:3      | 1162 ||| READING scroll of teleportation.
  1164 | D:3      | Reached XP level 4. HP: 3/38 MP: 3/3
  1164 | D:3      | HP: 2/38 [poisoned by a gnoll]
  1166 | D:3      | Reached skill level 6 in Ranged Weapons
  1169 | D:3      | HP: 3/38 [poisoned by a gnoll]
  1408 | D:3      | Noticed Sigmund
  1417 | D:3      | Killed Sigmund
  1418 | D:3      | Reached skill level 6 in Fighting
  1418 | D:3      | Reached XP level 5. HP: 43/50 MP: 4/4
  1418 | D:3      | Reached XP level 6. HP: 49/57 MP: 5/5
  1594 | D:3      | You fall into a shaft and drop 1 floor!
  1597 | D:4      | 1597 ||| READING scroll labelled XUEXOBR MASHROXKIRGH.
  1598 | D:4      | 1598 ||| READING 3 scrolls of identify.
  1598 | D:4      | 1598 ||| IDENTIFYING murky green potion
  1599 | D:4      | 1599 ||| READING 2 scrolls of identify.
  1599 | D:4      | 1599 ||| IDENTIFYING metallic white potion
  1868 | D:4      | Noticed Grinder
  1894 | D:4      | Killed Grinder
  1895 | D:4      | Reached skill level 7 in Ranged Weapons
  1989 | D:4      | Reached skill level 3 in Dodging
  1989 | D:4      | Reached XP level 7. HP: 47/63 MP: 6/6
  1991 | D:4      | 1991 ||| Stepping ~*~*~tactically~*~*~ (outnumbered).
  2305 | D:4      | Reached skill level 8 in Ranged Weapons
  2858 | D:4      | 2858 ||| UPGRADING to ring of see invisible.
  2859 | D:4      | 2859 ||| UPGRADING to +5 ring of evasion.
  2860 | D:4      | 2860 ||| DRINKING 2 red potions.
  2861 | D:4      | 2861 ||| DRINKING 2 fizzy emerald potions.
  2862 | D:4      | 2862 ||| READING 3 scrolls of identify.
  2862 | D:4      | 2862 ||| IDENTIFYING bubbling dark potion
  2863 | D:4      | 2863 ||| DROPPING potion of attraction.
  2894 | D:5      | Entered Level 5 of the Dungeon
  2918 | D:5      | Reached skill level 9 in Ranged Weapons
  2945 | D:5      | Reached XP level 8. HP: 70/70 MP: 7/7
  2999 | D:5      | Noticed a two-headed ogre
  3015 | D:5      | HP: 8/70 [two-headed ogre/+0 giant club (25)]
  3015 | D:5      | Mangled by a two-headed ogre

Levels and vault maps discovered:
D:1:      wheals_arrival_linesprint, layout_rooms,
          nicolae_ecumenical_lake_church
D:2:      layout_rooms, serial_park_tiny_2
D:3:      layout_loops_ring, serial_undead, serial_undead_d, serial_undead_e,
          serial_undead_c, serial_undead_e,
          nicolae_concentric_dashed_squares_mild, uniq_sigmund
D:4:      layout_basic, feat_on_display, uniq_grinder
D:5:      layout_basic

Skill      XL: |  1  2  3  4  5  6  7 |
---------------+----------------------+-----
Ranged Weapons | 5 6 7 9 |  9.5
Armour         | 1 |  1.0
Fighting       | 3 6 |  6.1
Dodging        | 3 |  3.2
Stealth        | |  0.7

Action                     |  1- 3 |  4- 6 |  7- 9 || total
---------------------------+-------+-------+-------++-------
   Fire: Shortbow          |    94 |   116 |    99 ||   309
    Use: Scroll            |     3 |     3 |     1 ||     7
         Potion            |     1 |       |     2 ||     3
 Armour: Ring mail         |     3 |       |       ||     3
         Leather armour    |     2 |       |       ||     2
         Robe              |     4 |     6 |    16 ||    26
  Dodge: Dodged            |    34 |    34 |    47 ||   115

Table legend:
 A = Non-vault XP
 B = Vault XP
 C = Vault XP percentage of total XP
 D = Non-vault monster count
 E = Vault monster count
 F = Vault count percentage of total count
                 A         B        C        D         E       F
            +---------+---------+-------+---------+---------+-------
      Total |     953 |     534 |  35.9 |      72 |       5 |   6.5
            +---------+---------+-------+---------+---------+-------
        D:1 |      17 |       0 |   0.0 |      10 |       0 |   0.0
        D:2 |      46 |       0 |   0.0 |      14 |       0 |   0.0
        D:3 |      84 |     257 |  75.4 |      19 |       4 |  17.4
        D:4 |     522 |     277 |  34.7 |      23 |       1 |   4.2
        D:5 |     284 |       0 |   0.0 |       6 |       0 |   0.0
            +---------+---------+-------+---------+---------+-------
